 Dungeon Crawl Stone Soup version 0.24-a0-132-ge4b1dce (webtiles) character file.

Game seed: 18387319125871205483

15 DracoVortex the Ogre Mage (level 2, -1/29 HPs)
             Began as an Ogre Wizard on Feb 27, 2019.
             Slain by a goblin (2 damage)
             ... on level 1 of the Dungeon.
             The game lasted 00:22:13 (353 turns).

DracoVortex the Ogre Mage (Ogre Wizard)              Turns: 353, Time: 00:22:13

Health: -1/29      AC:  3    Str: 10    XL:     2   Next: 50%
Magic:  6/7        EV: 10    Int: 19    God:
Gold:   31         SH:  0    Dex:  7    Spells: 9/10 levels left

rFire    . . .     SeeInvis .   f - +0 whip
rCold    . . .     Gourm    .   (no shield)
rNeg     . . .     Faith    .   a - +0 robe
rPois    .         Spirit   .   b - +0 hat
rElec    .         Reflect  .   (no cloak)
rCorr    .         Harm     .   (gloves unavailable)
MR       .....                  (boots unavailable)
Stlth    ++........             (no amulet)
HPRegen  0.09/turn              (no ring)
MPRegen  0.10/turn              (no ring)

@: no status effects
A: large, unfitting armour, tough skin 1
a: no special abilities


You were on level 1 of the Dungeon.
You were full.

You visited 1 branch of the dungeon, and saw 2 of its levels.

You collected 31 gold pieces.

Inventory:

Hand Weapons
 f - a +0 whip (weapon)
Missiles
 h - 20 stones (quivered)
 i - 38 arrows
Armour
 a - a +0 robe (worn)
 b - a +0 hat (worn)
 e - a +0 ring mail
 j - a +0 helmet


   Skills:
 + Level 2.8 Fighting
 + Level 1.9 Maces & Flails
 + Level 2.0 Throwing
 + Level 1.6 Armour
 + Level 2.7 Dodging
 + Level 2.3 Stealth
 + Level 1.9 Unarmed Combat
 + Level 4.7 Spellcasting
 + Level 2.2 Conjurations
   Level 0.8 Summonings
   Level 0.8 Translocations


You had 9 spell levels left.
You knew the following spells:

 Your Spells              Type           Power        Failure   Level  Hunger
a - Magic Dart            Conj           ##..         5%          1    None

Your spell library contained the following spells:

 Spells                   Type           Power        Failure   Level  Hunger
 Blink                    Tloc           N/A          14%         2    #......
 Call Imp                 Summ           #.......     14%         2    #......
 Slow                     Hex            #.......     19%         2    #......
 Conjure Flame            Conj/Fire      #.......     24%         3    ###....
 Mephitic Cloud           Conj/Pois/Air  #.......     28%         3    ###....


Dungeon Overview and Level Annotations

Branches:
Dungeon (2/15)

Altars:


Innate Abilities, Weirdness & Mutations

You are too large for most types of armour.
You have tough skin. (AC +1)


Message History

You have reached level 2!
The goblin barely misses you.
Unknown command.
Unknown command.
As you read the scroll labeled BIJIKOF SETI, it crumbles to dust.
It is a scroll of identify.
j - a +0 helmet The goblin closely misses you.
The goblin hits you.
* * * LOW HITPOINT WARNING * * *
The goblin barely misses you. The goblin closely misses you.
The goblin closely misses you. The goblin hits you but does no damage.
You see here 10 gold pieces.
The goblin hits you.
* * * LOW HITPOINT WARNING * * *
The goblin hits you but does no damage.
You see here 10 gold pieces.
You hit the goblin but do no damage. The goblin hits you.
You die...

#####.#####.#####..#$###.###
.###...###...###...#.# .#
..#.....#.....#....#.# .#
##.......#####.....#.# ..
#....<....###......#.# ..
...........#.....#.#
#####.#####.....#..#
##...###.....##.##.##
#.....#.....##@.# .. .
..#####.....###g###.# #.##
... ##.....####g###.##...#
.. #.....รท..........#...# #
........#...#...........#.
............#.....#.#.....
......#...#.#.#.........#
#####.#.###.#.##..#.#...#
#.#.. #.#.#........(#


You could see 2 goblins.

Vanquished Creatures
  A ball python (D:1)
  A bat (D:2)
  A frilled lizard (D:1)
3 creatures vanquished.

Notes
Turn   | Place    | Note
-------+----------+-------------------------------------------
     0 | D:1      | DracoVortex the Ogre Wizard began the quest for the Orb.
     0 | D:1      | Reached XP level 1. HP: 16/16 MP: 5/5
   342 | D:1      | Reached skill level 1 in Maces & Flails
   342 | D:1      | Reached skill level 1 in Armour
   342 | D:1      | Reached skill level 1 in Unarmed Combat
   342 | D:1      | Reached skill level 4 in Spellcasting
   342 | D:1      | Reached XP level 2. HP: 3/29 MP: 5/7
   351 | D:1      | HP: 1/29 [goblin (2)]
   353 | D:1      | Slain by a goblin

Levels and vault maps discovered:
D:1:      onia_arrival_pyramid, layout_basic, serial_co_window_serial,
          co_window_corner_a, co_window_corner_a, co_window_corner_a,
          co_window_paths_b, co_window_paths_a, co_window_broadway_b,
          co_window_of_opportunity_c, co_window_corner_b,
          co_window_unsneaky_path_d, co_window_unsneaky_path_a, glass_columns_c,
          glass_columns_a, glass_columns_a, glass_columns_a, glass_columns_a
D:2:      minmay_spotlight, layout_basic

Skill      XL: |  1 |
---------------+----+-----
Fighting       | 2 |  2.8
Maces & Flails | 1 |  1.9
Throwing       | 2 |  2.0
Armour         | 1 |  1.6
Dodging        | 2 |  2.7
Stealth        | 2 |  2.3
Unarmed Combat | 1 |  1.9
Spellcasting   | 4 |  4.7
Conjurations   | 2 |  2.2
Summonings     | |  0.8
Translocations | |  0.8

Action                   || total
-------------------------++-------
Melee: Whip              ||    15
Throw: Stone             ||     2
  Use: Scroll            ||     2
       Potion            ||     1
  Eat: Ration            ||     1
Armor: Robe              ||    11
Dodge: Dodged            ||    31

Table legend:
 A = Non-vault XP
 B = Vault XP
 C = Vault XP percentage of total XP
 D = Non-vault monster count
 E = Vault monster count
 F = Vault count percentage of total count
                 A         B        C        D         E       F
            +---------+---------+-------+---------+---------+-------
      Total |       5 |       0 |   0.0 |       3 |       0 |   0.0
            +---------+---------+-------+---------+---------+-------
        D:1 |       3 |       0 |   0.0 |       2 |       0 |   0.0
        D:2 |       2 |       0 |   0.0 |       1 |       0 |   0.0
            +---------+---------+-------+---------+---------+-------
